 Dungeon Crawl Stone Soup version 0.31.0-11-ge490571c62 (webtiles) character file.

Game seed: 13140126636672094191

9293 Aneyh the Warrior (level 11, -6/76 HPs)
             Began as a Tengu Monk on Feb 10, 2024.
             Was an Elder of Hepliaklqana.
             Mangled by a large slime creature (27 damage)
             ... on level 12 of the Dungeon.
             The game lasted 00:24:18 (9812 turns).

Aneyh the Warrior (Tengu Monk)                      Turns: 9812, Time: 00:24:19

Health: -6/76      AC:  8    Str: 17    XL:     11   Next: 44%
Magic:  4/4        EV: 16    Int: 14    God:    Hepliaklqana [****..]
Gold:   461        SH:  0    Dex: 22    Spells: 10/10 levels left

rFire   . . .        V - +7 trident of Yratt {antimagic, rElec Int+4}
rCold   + . .        (no shield)
rNeg    . . .        t - +2 ring mail {rC+}
rPois   .            (helmet restricted)
rElec   +            K - +0 cloak
rCorr   .            (no gloves)
SInv    .            (boots unavailable)
Will    +....        (no amulet)
Stlth   +            e - +6 ring of dexterity
HPRegen 0.32/turn    U - ring of willpower
MPRegen 0.09/turn

%: acrobat
@: flying
A: reduced essence, beak, talons 3, evasive flight, acrobatic
a: Renounce Religion, Recall Ancestor, Ancestor Identity, Transference, Idealise


You were on level 12 of the Dungeon.
You worshipped Hepliaklqana.
Hepliaklqana was greatly pleased with you.
You visited 2 branches of the dungeon, and saw 11 of its levels.

You collected 461 gold pieces.

Inventory:

Hand Weapons
 a - a +0 halberd
 b - a +1 shortbow
 i - a +0 war axe of freezing
 k - a +0 vampiric dagger
 o - a +0 flail of protection
 B - a +0 hand axe of freezing
 E - a +1 vampiric trident
 F - a +2 scimitar of distortion
 I - a +1 dagger of electrocution
 N - a +5 long sword
 O - a +2 scimitar
 P - a +5 long sword
 T - a +1 war axe of freezing
 V - the +7 trident of Yratt (weapon) {antimagic, rElec Int+4}
   (You found it on level 9 of the Dungeon)

   Int+4:     It affects your intelligence (+4).
   rElec:     It insulates you from electricity.
Missiles
 c - 7 poisoned darts (quivered)
Armour
 d - an orb of light
 t - a +2 ring mail of cold resistance (worn)
 G - +0 acid dragon scales
 K - a +0 cloak (worn)
 L - a +0 pair of gloves
Jewellery
 e - a +6 ring of dexterity (left hand)
 J - the amulet "Maod" {Faith ^Fragile rElec Will+ Dex+3}
   (You found it on level 7 of the Dungeon)

   [amulet of faith]

   Faith:     It allows you to gain divine favour quickly.
   Dex+3:     It affects your dexterity (+3).
   rElec:     It insulates you from electricity.
   Will+:     It increases your willpower.
   ^Fragile:  It will be destroyed if unequipped.
 U - a ring of willpower (right hand)
Wands
 w - a wand of charming (9)
 Q - a wand of iceblast (6)
Scrolls
 f - 2 scrolls of teleportation {unknown}
 g - 8 scrolls of identify {unknown}
 h - 4 scrolls of fog {unknown}
 p - 2 scrolls of enchant weapon
 q - 7 scrolls of blinking {unknown}
 u - a scroll of vulnerability {unknown}
 x - 2 scrolls of enchant armour {unknown}
 A - a scroll of silence {unknown}
 C - a scroll of brand weapon {unknown}
Potions
 j - a potion of berserk rage {unknown}
 m - 2 potions of attraction {unknown}
 n - a potion of curing
 s - a potion of enlightenment {unknown}
 v - a potion of resistance {unknown}
 D - a potion of invisibility {unknown}
 H - a potion of degeneration {unknown}


   Skills:
 + Level 17.1 Fighting
 - Level 5.0 Polearms
 - Level 3.2 Dodging


You had 10 spell levels left.
You didn't know any spells.
Your spell library contained the following spells:

 Spells                   Type           Power      Damage    Failure   Level
 Freeze                   Ice            0%         1d3       47%         1
 Mercury Vapours          Alch/Air       0%         N/A       63%         2
 Frozen Ramparts          Ice            0%         1d1       85%         3
 Hailstorm                Conj/Ice       0%         3d5       85%         3
 Mephitic Cloud           Conj/Alch/Air  0%         N/A       85%         3
 Freezing Cloud           Conj/Ice/Air   0%         6-21      100%        5


Dungeon Overview and Level Annotations

Branches:
Dungeon (9/15)             Temple (1/1) D:5            Lair (0/5) D:8
    Orc: D:9-12

Altars:
Ashenzari
Cheibriados
Dithmenos
Elyvilon
Fedhas
Gozag
Hepliaklqana
Kikubaaqudgha
Makhleb
Nemelex Xobeh
Okawaru
Ru
Sif Muna
Trog
Uskayaw
Vehumet
Wu Jian
Xom
Yredelemnul
Zin
The Shining One
Lugonu

Shops:
D:7 (

Portals:
Abyss: D:7

Annotations:
D:2 1 runed translucent door, Crazy Yiuf


Innate Abilities, Weirdness & Mutations

Your life essence is reduced to manifest your ancestor. (-10% HP)
You have a beak for a mouth.
You have claws for feet.
Your magical flight helps you evade attacks. (EV +4)
You can magically evade attacks while moving or waiting.


Message History

The slime creature hits Octavius.
Octavius hits the slime creature with a +0 flail!
Octavius blocks the slime creature's attack. x3
You reach to attack!
You puncture the slime creature!
The slime creature is almost dead.
The slime creature closely misses Octavius.
The slime creature hits Octavius! x2
Octavius is destroyed!
You reach to attack!
You puncture the slime creature!
You kill the slime creature!
You puncture the slime creature! You claw the slime creature!
You peck the slime creature.
The slime creature is heavily wounded.
The slime creature completely misses you. x2
The slime creature attacks as it pursues you!
The slime creature hits you.
The slime creature attacks as it pursues you!
The slime creature completely misses you.
Items here: ))) [[ ††.
The slime creature jiggles.
You puncture the slime creature! You claw the slime creature!
The slime creature is moderately wounded.
Two slime creatures merge to form a large slime creature.
You puncture the large slime creature! You claw the large slime creature!
The large slime creature is severely wounded.
You puncture the large slime creature!
The large slime creature is severely wounded.
The large slime creature hits you!!
* * * LOW HITPOINT WARNING * * *
You are too injured to fight recklessly!
You are too injured to fight recklessly!
You are too injured to fight recklessly!
You are too injured to fight recklessly!
You puncture the large slime creature!
You peck the large slime creature, but do no damage.
The large slime creature is almost dead.
The large slime creature hits you!!
* * * LOW HITPOINT WARNING * * *
You feel much better. The large slime creature hits you!!
You die...

........####~≈~~≈~~≈. #..
####....# ##≈~≈≈≈≈~.
#..#####....######≈≈≈≈≈~.
#.................#≈≈≈~..
#.....###.##.####.##~~..#
#.....# #.##.####....)...
..##..... ..#..............
........######..............
#.....)J@................
##....)####..........
.........# #..........
..###.....# #..........
#.....# #.......... #.....#
#.......##. #.....#
........# ≈≈....# .##.....#
~~~~~#.#


You could see a large slime creature.

Vanquished Creatures
  2 ugly things (D:12)
  A cyclops (D:12)
  A gargoyle (D:12)
  3 hornets
  Grinder (D:4)
  2 slime creatures (D:12)
  Sigmund (D:2)
  A shadow (D:12)
  A vampire (D:12)
  4 yaks (D:9)
  Menkaure (D:5)
  3 water moccasins
  An ice beast (D:7)
  4 sky beasts
  A black bear (D:7)
  A wolf (D:7)
  A centaur (D:9)
  3 kobold brigands
  5 bullfrogs
  2 gnoll sergeants
  2 scorpions (D:5)
  7 wights
  12 killer bees (D:9)
  An electric eel (D:12)
  2 howler monkeys
  4 orc priests
  4 bombardier beetles
  2 hounds
  2 jellies (D:5)
  2 sleepcaps (D:5)
  An iguana (D:5)
  4 orc wizards
  8 gnolls
  7 adders
  2 ribbon worms (D:3)
  24 orcs
  8 bats
  5 endoplasms
  2 giant cockroaches
  11 goblins
  4 hobgoblins
  4 jackals (D:2)
  11 kobolds
  3 quokkas
  8 ball pythons
  4 frilled lizards
  A rat (D:3)
184 creatures vanquished.

Vanquished Creatures (collateral kills)
  Maggie (D:7)
  A hornet (D:8)
  A yak (D:9)
  A warg (D:8)
  2 orc warriors
  2 centaurs
  A wolf (D:8)
  2 phantoms
  A kobold brigand (D:6)
  A bullfrog (D:7)
  A scorpion (D:7)
  2 wights (D:6)
  A killer bee (D:9)
  A howler monkey (D:7)
  A bombardier beetle (D:5)
  A hound (D:7)
  A sleepcap (D:6)
  2 iguanas
  3 orc wizards
  2 gnolls
  A ribbon worm (D:5)
  7 orcs
  7 kobolds
43 creatures vanquished.

Vanquished Creatures (others)
  5 knights
  A lurking horror (D:7)
6 creatures vanquished.

Grand Total: 233 creatures vanquished

Notes
Turn   | Place    | Note
-------+----------+-------------------------------------------
     0 | D:1      | Aneyh the Tengu Monk began the quest for the Orb.
     0 | D:1      | Reached XP level 1. HP: 14/14 MP: 2/2
   143 | D:1      | Reached XP level 2. HP: 19/19 MP: 3/3
   724 | D:2      | Found a faded altar of an unknown god.
   735 | D:2      | Reached XP level 3. HP: 23/23 MP: 4/4
   753 | D:2      | Noticed Sigmund
   773 | D:2      | Killed Sigmund
   774 | D:2      | Reached skill level 5 in Polearms
   774 | D:2      | Reached skill level 5 in Fighting
   774 | D:2      | Reached XP level 4. HP: 22/31 MP: 5/5
   774 | D:2      | Reached XP level 5. HP: 25/35 MP: 6/6
  1101 | D:2      | Found a runed translucent door.
  1102 | D:2      | Noticed Crazy Yiuf
  1390 | D:3      | Reached XP level 6. HP: 29/40 MP: 7/7
  2309 | D:3      | Reached skill level 6 in Fighting
  3117 | D:4      | HP: 2/42 [gnoll/+0 halberd (13)]
  3150 | D:4      | Reached skill level 7 in Fighting
  3150 | D:4      | Gained mutation: Your magical flight helps you evade
                  | attacks. (EV +4) [Tengu growth]
  3150 | D:4      | Reached XP level 7. HP: 11/48 MP: 8/8
  3512 | D:4      | Noticed Grinder
  3513 | D:4      | Paralysed by Grinder for 3 turns
  3533 | D:4      | Killed Grinder
  3534 | D:4      | Reached skill level 8 in Fighting
  3832 | D:5      | Entered Level 5 of the Dungeon
  4113 | D:5      | Found a broken altar of Ashenzari.
  4116 | D:5      | Found a shimmering blue altar of Sif Muna.
  4117 | D:5      | Found a hazy altar of Hepliaklqana.
  4117 | D:5      | Found an iron altar of Okawaru.
  4118 | D:5      | Found an opulent altar of Gozag.
  4119 | D:5      | Found a shadowy altar of Dithmenos.
  4127 | D:5      | Became a worshipper of Hepliaklqana the Forgotten
  4127 | D:5      | Reached * piety under Hepliaklqana
  4127 | D:5      | Reached ** piety under Hepliaklqana
  4128 | D:5      | Remembered your ancestor Octavius as a knight
  4169 | D:5      | Reached XP level 8. HP: 43/49 MP: 9/9
  4232 | D:5      | Found a staircase to the Ecumenical Temple.
  4241 | D:5      | Reached skill level 9 in Fighting
  4297 | D:5      | Noticed Menkaure
  4309 | D:5      | Killed Menkaure
  4319 | Temple   | Entered the Ecumenical Temple
  4673 | D:5      | Reached skill level 10 in Fighting
  5110 | D:6      | Reached skill level 11 in Fighting
  5110 | D:6      | Reached XP level 9. HP: 17/57 MP: 10/10
  5848 | D:7      | Noticed Maggie
  5855 | D:7      | Reached skill level 12 in Fighting
  5859 | D:7      | Killed Maggie
  6309 | D:7      | Reached skill level 13 in Fighting
  6322 | D:7      | Reached *** piety under Hepliaklqana
  6334 | D:7      | Identified the amulet "Maod" {Faith ^Fragile rElec Will+
                  | Dex+3}
  6370 | D:7      | Found a corrupted altar of Lugonu.
  6370 | D:7      | Found a one-way gate to the infinite horrors of the Abyss.
  6614 | D:7      | Found Hosmuq's Antique Weapon Shoppe.
  6686 | D:7      | Reached XP level 10. HP: 65/65 MP: 11/11
  6874 | D:8      | HP: 3/66 [asphyx]
  6878 | D:8      | Reached skill level 14 in Fighting
  7129 | D:8      | Found a staircase to the Lair.
  7824 | D:9      | Reached skill level 15 in Fighting
  8321 | D:9      | HP: 2/70 [poisoned by a killer bee]
  8792 | D:9      | Paralysed by a hornet for 1 turns
  8801 | D:8      | Reached skill level 16 in Fighting
  8801 | D:8      | Reached XP level 11. HP: 25/74 MP: 12/12
  9067 | D:9      | Identified the +7 trident of Yratt {antimagic, rElec Int+4}
  9321 | D:9      | You are sucked into a shaft and drop 3 floors!
  9325 | D:12     | Noticed a cyclops
  9335 | D:12     | Killed a cyclops
  9462 | D:12     | Reached **** piety under Hepliaklqana
  9731 | D:12     | Noticed a red ugly thing
  9732 | D:12     | Noticed a green ugly thing
  9749 | D:12     | Killed a green ugly thing
  9763 | D:12     | Killed a green ugly thing
  9771 | D:12     | Reached skill level 17 in Fighting
  9811 | D:12     | HP: 1/76 [large slime creature (19)]
  9812 | D:12     | Mangled by a large slime creature

Illustrated notes

Levels and vault maps discovered:
D:1:      dpeg_arrival_shelter, layout_loops_cross, minmay_crystal_room
D:2:      layout_rooms, basic_ecumenical_altar, st_stairs_1,
          uniq_crazy_yiuf_cottage, uniq_sigmund
D:3:      layout_basic
D:4:      layout_basic, minmay_misc_feat_more_columns, uniq_grinder
D:5:      layout_loops_ring, grunt_temple_overflow_open,
          minmay_temple_entry_glass, uniq_menkaure
D:6:      layout_rooms
D:7:      layout_cave_pools, serial_shops, kennysheep_mini,
          amcnicky_altar_lugonu_corruption, uniq_maggie
D:8:      layout_rooms, erik_lair_orcish_takeover
D:9:      layout_roguey, minmay_fractal_squares_diagonal_5
D:12:     layout_basic, orc_0_dummy, gammafunk_ghost_cemetery, serial_shops,
          nicolae_shop_stone, serial_corexii_hall, corexii_hall_statues_s,
          chequers_hall_statues_corner_a
Temple:   minmay_freezing_vapour_temple

Skill      XL: |  1  2  3  4  5  6  7  8  9 10 11 |
---------------+----------------------------------+-----
Polearms       | 4 5 |  5.0
Fighting       | 5 7 8 11 13 16 17 | 17.1
Dodging        | |  3.2

Action                     |  1- 3 |  4- 6 |  7- 9 | 10-12 || total
---------------------------+-------+-------+-------+-------++-------
  Melee: Spear             |    66 |   180 |    11 |       ||   257
         Kick              |     9 |    50 |    56 |    53 ||   168
         Peck              |     5 |    35 |    41 |    39 ||   120
         Punch             |     1 |     1 |       |       ||     2
         Halberd           |       |       |   165 |   182 ||   347
         Trident           |       |       |       |   101 ||   101
 Invoke: Ancestor Life: Kn |       |       |     1 |       ||     1
         Recall Ancestor   |       |       |       |     1 ||     1
    Use: Potion            |       |     1 |       |     5 ||     6
         Scroll            |       |       |       |     1 ||     1
   Stab: Sleeping          |     5 |     7 |       |       ||    12
         Distracted        |     1 |     1 |     3 |     2 ||     7
 Armour: Robe              |    11 |    55 |     6 |       ||    72
         Ring mail         |       |       |    80 |   115 ||   195
  Dodge: Dodged            |    38 |   143 |   181 |   211 ||   573
